AoeStats
← Geringa1998

Arabia

507183213Analyzed
1v1 RM · 16d ago on Sep 17, 2026· 58m 16s· 2 players
Game mode
Random Map
Map size
Tiny (2 player)
Population
200
Speed
Normal
Resources
Standard
Victory
Conquest
Starting age
Dark Age
Ending age
Imperial Age
RankedLock teamsTeams togetherTeam positionsShared explorationLock speedFull tech treeHidden civsTurbo modeCheats
Victory
Defeat
🇦🇷 Mongols · Argentina
702
+14
🇦🇷 Chinese · Argentina
661
-14
Geringa1998
0:41 Loom
10:46 Feudal Age
17:57 Castle Age
21:28 Double-Bit Axe
24:04 Squires
25:39 Forging
27:43 Stone Mining
30:07 Town Watch
35:15 Great Wall
38:28 Murder Holes
40:14 Padded Archer Armor
40:15 Gold Mining
40:08 Pikeman
46:01 Imperial Age
45:21 Crossbowman
46:40 Elite Fire Lancer
50:04 Fletching
55:20 Ballistics
56:32 Chemistry
Stark210321
4:46 Loom
7:57 Feudal Age
8:30 Double-Bit Axe
22:18 Castle Age
21:04 Horse Collar
23:27 Gold Mining
27:26 Padded Archer Armor
27:55 Bow Saw
27:54 Town Watch
29:57 Stone Mining
32:48 Fletching
33:38 Wheelbarrow
33:53 Bodkin Arrow
35:07 Ballistics
39:44 Leather Archer Armor
40:00 Heavy Plow
39:49 Light Cavalry
42:03 Husbandry
42:23 Forging
42:46 Bloodlines
43:41 Hand Cart
44:46 Scale Barding Armor
45:51 Town Patrol
46:15 Chain Barding Armor
46:48 Gold Shaft Mining
48:01 Iron Casting
50:05 Imperial Age
50:32 Elite Mangudai
51:31 Bracer
51:04 Capped Ram
52:50 Blast Furnace
53:06 Stone Shaft Mining
53:46 Chemistry
54:26 Drill
56:00 Conscription
57:12 Siege Ram
Connection lost

Rejoining the realm…

Still unreachable

The connection could not be restored.

Session expired

The server has moved on; the page needs a fresh start.